 Dungeon Crawl Stone Soup version 0.30-a0-1016-gfb0d676c02 (webtiles) character file.

Game seed: 4812458349436658497

1820 greenreed the Magician (level 8, -2/39 HPs)
             Began as a Spriggan Summoner on Apr 6, 2023.
             Was an Initiate of Gozag.
             Slain by Maggie
             ... wielding a +0 glaive
              (9 damage)
             ... on level 6 of the Dungeon on Apr 7, 2023.
             The game lasted 00:42:07 (8284 turns).

greenreed the Magician (Spriggan Summoner)          Turns: 8284, Time: 00:42:08

Health: -2/39      AC:  2    Str:  4    XL:     8   Next: 85%
Magic:  13/20      EV: 19    Int: 18    God:    Gozag
Gold:   500        SH:  0    Dex: 16    Spells: 9/22 levels left

rFire   . . .      SeeInvis +    (weapon restricted)
rCold   . . .      Faith    .    (no shield)
rNeg    . . .      Spirit   .    a - +0 robe
rPois   .          Reflect  .    (helmet restricted)
rElec   .          Rampage  .    (no cloak)
rCorr   .                        (gloves unavailable)
Will    +....                    (boots unavailable)
Stlth   ++                       (no amulet)
HPRegen 0.26/turn                (no ring)
MPRegen 0.17/turn                (no ring)

@: mesmerised, very quick
A: very small, no large weapons, unfitting armour, see invisible, speed 3
a: Renounce Religion, Potion Petition, Call Merchant, Bribe Branch


You were on level 6 of the Dungeon.
You worshipped Gozag.
Gozag was pleased with you.
You visited 1 branch of the dungeon, and saw 6 of its levels.

You collected 600 gold pieces.
You paid 100 gold pieces to Gozag.

Inventory:

Armour
 a - a +0 robe (worn)
 w - +0 acid dragon scales
 C - a scarf of harm
 D - +0 ice dragon scales
 F - an orb of guile
Jewellery
 m - a ring of flight
Wands
 x - a wand of flame (13)
 y - a wand of polymorph (7)
Scrolls
 c - a scroll of blinking {unknown}
 e - 2 scrolls of noise {unknown}
 f - 11 scrolls of identify {unknown}
 j - 2 scrolls of enchant armour {unknown}
 k - 2 scrolls of fog {unknown}
 l - 2 scrolls of immolation {unknown}
 n - 3 scrolls of teleportation {unknown}
 q - 2 scrolls of magic mapping {unknown}
 t - a scroll of vulnerability {unknown}
 v - 2 scrolls of poison {unknown}
 E - 3 scrolls of silence {unknown}
Potions
 b - a potion of magic
 d - a potion of invisibility {unknown}
 g - 2 potions of brilliance {unknown}
 h - a potion of ambrosia {unknown}
 i - 4 potions of curing
 o - 2 potions of heal wounds {unknown}
 p - 2 potions of might {unknown}
 r - a potion of lignification {unknown}
 s - 3 potions of mutation {unknown}
 u - a potion of attraction {unknown}
 z - a potion of berserk rage {unknown}
 A - a potion of cancellation {unknown}
 B - a potion of degeneration {unknown}


   Skills:
 + Level 2.6 Fighting
 + Level 5.5 Dodging
 - Level 3.0 Stealth
 + Level 7.5 Spellcasting
 - Level 5.0 Hexes
 * Level 6.2 Summonings
 * Level 2.7 Air Magic


You had 9 spell levels left.
You knew the following spells:

 Your Spells              Type           Power      Damage    Failure   Level
a - Summon Small Mammal   Summ           100%       N/A       1%          1
b - Call Imp              Summ           29%        N/A       1%          2
c - Call Canine Familiar  Summ           29%        N/A       2%          3
d - Summon Guardian Gole  Hex/Summ       27%        N/A       3%          3
e - Summon Lightning Spi  Summ/Air       22%        N/A       16%         4

Your spell library contained the following spells:

 Spells                   Type           Power      Damage    Failure   Level
 Slow                     Hex            96%        N/A       1%          1
 Confusing Touch          Hex            24%        N/A       4%          3
 Ignite Poison            Fire/Tmut/Pois 6%         N/A       30%         3
 Vampiric Draining        Necr           6%         2d6       30%         3
 Sticky Flame             Conj/Fire      6%         2d3       71%         4
 Borgnjor's Vile Clutch   Necr/Erth      3%         N/A       96%         5
 Death Channel            Necr           3%         N/A       100%        6
 Ignition                 Fire           3%         3d4       100%        8
 Animate Dead             Necr           Unusable   N/A       N/A         4

Dungeon Overview and Level Annotations

Branches:
Dungeon (6/15)
 Temple: D:4-7

Altars:
Elyvilon
Fedhas
Gozag
Hepliaklqana
Zin

Annotations:
D:6 exclusion: oklob plant, Maggie


Innate Abilities, Weirdness & Mutations

You are very small and have problems with some larger weapons.
You are too small for most types of armour.
You have supernaturally acute eyesight. (SInv)
You cover ground extremely quickly. (Speed+++)


Message History

Maggie casts a spell.
Maggie draws you further into her thrall.
Maggie casts a spell.
Maggie draws you further into her thrall.
Maggie points at your lightning spire and mumbles some strange words.
The bolt of fire hits your lightning spire.
Your lightning spire resists.
Your lightning spire shoots out a bolt of lightning at Maggie!
The bolt of electricity hits Maggie!
Maggie hits your lightning spire from afar with a +0 glaive!
Your lightning spire shoots out a bolt of lightning at Maggie!
The bolt of electricity hits Maggie.
Maggie points at your lightning spire and mumbles some strange words.
The bolt of fire hits you!!
Ouch! That really hurt!
* * * LOW HITPOINT WARNING * * *
The bolt of fire hits your lightning spire.
Your lightning spire resists.
Okay, then.
Okay, then.
Casting: Summon Lightning Spire (quite dangerous; 16% risk of failure)
Confirm with . or Enter, or press ? or * to list all spells.
You don't know that spell.
Casting: Summon Lightning Spire (quite dangerous; 16% risk of failure)
Confirm with . or Enter, or press ? or * to list all spells.
Okay, then.
Maggie points at your lightning spire and mumbles some strange words.
The bolt of fire misses you.
The bolt of fire hits your lightning spire.
Your lightning spire resists.
Your lightning spire is destroyed!
Your lightning spire disappears in a puff of smoke!
Casting: Summon Lightning Spire (quite dangerous; 16% risk of failure)
Confirm with . or Enter, or press ? or * to list all spells.
The spell is quite dangerous to miscast (16% risk of failure)!
Continue anyway?
An electric hum fills the air.
Maggie shouts!
Maggie hits you with a +0 glaive!
You die...
Your body crumbles into a pile of gold. ..#.P PPP#P .P ♣PP

#### ##################### #...
#..................# ##### #...
..................# #...# #...
.................# #...# #...
#######.............# #...# #...
.....@..............# #...# #...
...@..hr###....@....# #...######
...#...r.......#@§..####.........
...#.#.......#.#8...##...........
h..#.#.#...#.#.#....##.####......
...#.#.#.#.#.#.#..).##.# #[.....
.F.#.#.#.#.#.#.#.'####.# #..5...
?..#.#.#...#.#.#..# #.# #......
...#.#.......#.#..####.# #......
#...........#.......# #......
..............####### #......


You could see Maggie (mesmerising, ally target) and a friendly lightning spire
(summoned).

Vanquished Creatures
  An orc (D:5)
  A hobgoblin (D:2)
2 creatures vanquished.

Vanquished Creatures (collateral kills)
  Prince Ribbit (D:6)
  Sigmund (D:4)
  An ice beast (D:6)
  A black bear (D:4)
  2 phantoms (D:6)
  Blork the orc (D:6)
  2 scorpions
  2 hounds
  3 orc priests (D:5)
  A sleepcap (D:6)
  Terence (D:2)
  An iguana (D:4)
  6 adders
  9 gnolls
  2 white imps
  2 dart slugs
  18 orcs
  9 ball pythons
  12 endoplasms
  2 giant cockroaches
  11 goblins
  10 hobgoblins
  4 quokkas
  6 bats
  A frilled lizard (D:1)
  9 kobolds
  8 rats
126 creatures vanquished.

Vanquished Creatures (others)
  A water moccasin (D:5)
  An orc warrior (D:5)
  An ogre (D:6)
  A scorpion (D:5)
  A jelly (D:4)
  An orc priest (D:5)
  An iguana (D:4)
  A sleepcap (D:4)
  2 endoplasms (D:4)
  A ball python (D:4)
11 creatures vanquished.

Grand Total: 139 creatures vanquished

Notes
Turn   | Place    | Note
-------+----------+-------------------------------------------
     0 | D:1      | greenreed the Spriggan Summoner began the quest for the
                  | Orb.
     0 | D:1      | Reached XP level 1. HP: 9/9 MP: 5/5
   110 | D:1      | Reached skill level 3 in Spellcasting
   160 | D:1      | Reached XP level 2. HP: 13/13 MP: 1/7
   293 | D:1      | Learned a level 2 spell: Call Imp
   787 | D:1      | Reached XP level 3. HP: 16/16 MP: 7/9
   791 | D:1      | Learned a level 3 spell: Call Canine Familiar
  1175 | D:2      | You fall into a shaft and drop 1 floor!
  1254 | D:3      | Found a glowing silver altar of Zin.
  1565 | D:3      | Reached skill level 4 in Spellcasting
  1714 | D:3      | Reached XP level 4. HP: 21/21 MP: 6/11
  1826 | D:2      | Found a faded altar of an unknown god.
  1864 | D:2      | Noticed Terence
  1878 | D:2      | Killed Terence
  2814 | D:2      | Found a white marble altar of Elyvilon.
  2822 | D:2      | Became a worshipper of Elyvilon the Healer
  2925 | D:2      | Reached XP level 5. HP: 24/24 MP: 13/13
  3158 | D:3      | Reached skill level 5 in Spellcasting
  3727 | D:4      | Noticed a black bear
  3763 | D:4      | Learned a level 3 spell: Summon Guardian Golem
  3827 | D:4      | Killed a black bear
  3828 | D:4      | Reached skill level 1 in Hexes
  3891 | D:4      | Noticed Sigmund
  3908 | D:4      | Killed Sigmund
  3909 | D:4      | Reached skill level 1 in Fighting
  3909 | D:4      | Reached XP level 6. HP: 30/30 MP: 7/15
  4163 | D:4      | Reached skill level 6 in Spellcasting
  4163 | D:4      | Reached XP level 7. HP: 33/33 MP: 8/17
  4740 | D:4      | Reached * piety under Elyvilon
  4773 | D:4      | Found a hazy altar of Hepliaklqana.
  4822 | D:4      | Reached skill level 5 in Summonings
  5369 | D:5      | Entered Level 5 of the Dungeon
  5433 | D:5      | Found an opulent altar of Gozag.
  5454 | D:5      | Fell from the grace of Elyvilon
  5454 | D:5      | Became a worshipper of Gozag Ym Sagoz the Greedy
  6286 | D:5      | Reached XP level 8. HP: 31/39 MP: 10/19
  6637 | D:5      | Reached skill level 7 in Spellcasting
  6706 | D:5      | Identified the +1 helmet of Intercession {-Tele rElec rN+
                  | rCorr Dex+4}
  6721 | D:5      | Learned a level 4 spell: Summon Lightning Spire
  7146 | D:6      | Noticed Prince Ribbit
  7152 | D:6      | Noticed Maggie
  7370 | D:6      | Noticed Blork the orc
  7397 | D:6      | Killed Blork the orc
  7398 | D:6      | Reached skill level 5 in Hexes
  7398 | D:6      | Reached skill level 1 in Air Magic
  7532 | D:6      | Found a blossoming altar of Fedhas.
  7559 | D:6      | Noticed an oklob plant
  7888 | D:6      | Reached skill level 5 in Dodging
  8219 | D:6      | Killed Prince Ribbit
  8284 | D:6      | Slain by Maggie

Illustrated notes

Levels and vault maps discovered:
D:1:      roderic_octagonal_star, layout_basic, moated_statue
D:2:      minmay_wonky_spiral, layout_loops_corners, basic_altar,
          shapermc_ecumenical_altar_flowoftime, minmay_tree_intersection,
          kennysheep_generic_room_3, uniq_terence
D:3:      layout_basic, mainiacjoe_overflow_catwalk
D:4:      minmay_door_path, layout_loops_corners, mainiacjoe_overflow_brackets,
          minmay_joined_circles, uniq_sigmund
D:5:      layout_basic, grunt_gozag_breadcrumbs
D:6:      layout_basic, tgw_fedhas, minmay_misc_feat_more_columns, uniq_maggie,
          uniq_prince_ribbit1, uniq_blork_the_orc, uniq_edmund

Skill      XL: |  1  2  3  4  5  6  7  8 |
---------------+-------------------------+-----
Spellcasting   | 3 4 5 6 7 |  7.5
Summonings     | 4 5 6 |  6.2
Dodging        | 3 4 5 |  5.5
Hexes          | 2 3 4 5 |  5.0
Fighting       | 1 2 |  2.6
Air Magic      | 2 |  2.7
Stealth        | |  3.0

Action                     |  1- 3 |  4- 6 |  7- 9 || total
---------------------------+-------+-------+-------++-------
  Melee: Unarmed           |     4 |     7 |     3 ||    14
   Cast: Summon Small Mamm |    51 |    59 |    61 ||   171
         Call Imp          |     8 |     4 |    18 ||    30
         Call Canine Famil |       |    10 |    33 ||    43
         Summon Guardian G |       |     3 |    13 ||    16
         Summon Lightning  |       |       |     2 ||     2
 Armour: Robe              |     2 |     1 |     2 ||     5
  Dodge: Dodged            |    13 |    28 |    20 ||    61

Table legend: (Time is in decaauts)
 A = Elapsed time spent in this place.
 B = Non-inter-level travel time spent in this place.
 C = Inter-level travel time spent in this place.
 D = Time resting spent in this place.
 E = Time spent auto-exploring this place.
 F = Levels seen in this place.
 G = Mean time per level.
                   A        B        C        D        E       F      G
               +--------+--------+--------+--------+--------+-----+--------+
         Total |   6317 |   6110 |    207 |    292 |   4034 |   6 | 1052.8 |
       Dungeon |   6317 |   6110 |    207 |    292 |   4034 |   6 | 1052.8 |
               +--------+--------+--------+--------+--------+-----+--------+

Top non-repeatable levels by time:
     D:4: 1434 daAuts
     D:5: 1266 daAuts
     D:6: 974 daAuts
     D:2: 930 daAuts
     D:1: 857 daAuts
     D:3: 854 daAuts
